 Dungeon Crawl Stone Soup version 0.27-a0-1280-g9d2d252d84 (webtiles) character file.

Game seed: 12625501062960922473

960422 MordorOrchid the Archmage (level 27, -15/248 HPs)
             Began as a Djinni Air Elementalist on June 13, 2021.
             Was the Champion of Makhleb.
             Killed from afar by Cerebov (29 damage)
             ... with an iron shot
             ... in Pandemonium on June 17, 2021.
             The game lasted 07:15:47 (80723 turns).

MordorOrchid the Archmage (DjAE)                   Turns: 80723, Time: 07:15:48

Health: -15/248    AC: 41    Str:  7    XL:     27
Gold:   5868       EV: 29    Int: 37    God:    Makhleb [******] SH: 26 Dex: 19

rFire    + + +     SeeInvis +   p - +7 short sword "Qotewosch" {holy, +Blink rElec Dex+4}
rCold    + . .     Faith    .   t - +5 kite shield of Inevitability {rF+ rC+ Will+ Regen+}
rNeg     + . .     Spirit   .   (armour currently unavailable)
rPois    ∞         Reflect  +   q - +3 crown of Dyrovepreva {rElec Int+2 SInv}
rElec    +         Harm     .   L - scarf {rC+ rF+}
rCorr    .         Rampage  .   (gloves currently unavailable)
Will     +++++                  (boots unavailable)
Stlth    ++++......             d - amulet "Wufeduc" {Reflect Will++ SH+5}
HPRegen  0.00/turn              u - +6 ring of intelligence
MPRegen  0.00/turn              c - ring of Seuruuge {Will+ Slay+4 SInv}

@: statue-form, in a vortex, flying, slightly contaminated, hasted, studying 8
skills
A: slow and powerful, torment resistance 1, flying, boosted hp, sickness
immunity, fire resistance 2, cold vulnerability 1, float, innate caster, hp
casting, extra vitality 1, frail 1, strong-willed 1, sense surroundings 1,
inhibited regeneration
}: 6/15 runes: serpentine, barnacled, slimy, silver, golden, demonic
a: End Transformation, Renounce Religion, Evoke Blink, Minor Destruction, Lesser
Servant of Makhleb, Major Destruction, Greater Servant of Makhleb


You were in Pandemonium.
You worshipped Makhleb.
Makhleb was exalted by your worship.
You were a living statue of rough stone.
You visited 12 branches of the dungeon, and saw 56 of its levels.
You visited Pandemonium 1 time, and saw 7 of its levels.
You visited 1 ziggurat, and saw 20 of its levels.
You also visited: Ossuary, Bailey, Gauntlet, Ice Cave, Wizlab and Desolation.

You collected 13019 gold pieces.
You spent 7151 gold pieces at shops.

Inventory:

Hand Weapons
 a - the +11 quick blade "Sarcophage" {antimagic, Int+3 Stlth+}
   (You acquired it in the Vestibule of Hell)

   It reduces the magical energy of the wielder, and disrupts the spells and
   magical abilities of those hit.
   Natural abilities and divine invocations are not affected.
   It affects your intelligence (+3).
   It makes you more stealthy.
 p - the +7 short sword "Qotewosch" (weapon) {holy, +Blink rElec Dex+4}
   (You found it on level 19 of a ziggurat)

   It has been blessed by the Shining One to cause great damage to the undead
   and demons.
   It affects your dexterity (+4).
   It insulates you from electricity.
   It lets you blink.
Missiles
 r - 30 curare-tipped darts
 B - 2 throwing nets
 N - 13 atropa-tipped darts (quivered)
 W - 21 silver javelins
Armour
 m - a +2 robe of the Archmagi (melded)
 q - the +3 crown of Dyrovepreva (worn) {rElec Int+2 SInv}
   (You acquired it on level 4 of the Lair of Beasts)

   It affects your intelligence (+2).
   It insulates you from electricity.
   It lets you see invisible.
 t - the +5 kite shield of Inevitability (worn) {rF+ rC+ Will+ Regen+}
   (You found it on level 14 of a ziggurat)

   It protects you from fire.
   It protects you from cold.
   It increases your rate of health regeneration.
   It increases your willpower.
 L - a scarf of resistance (worn)
 Z - the +3 pair of gauntlets of War (melded) {Slay+5}
   (You found it on level 12 of a ziggurat)

   It affects your accuracy and damage with ranged weapons and melee attacks
   (+5).
Jewellery
 c - the ring of Seuruuge (right fist) {Will+ Slay+4 SInv}
   (You took it off a deep elf pyromancer on level 9 of the Dungeon)

   [ring of willpower]

   It affects your accuracy and damage with ranged weapons and melee attacks
   (+4).
   It lets you see invisible.
   It increases your willpower.
 d - the amulet "Wufeduc" (around neck) {Reflect Will++ SH+5}
   (You found it in the Desolation of Salt)

   [amulet of reflection]

   It reflects blocked missile attacks.
   It affects your SH (+5).
   It greatly increases your willpower.
 s - the ring of the Moon {Fly rN+++ Int-5 Dex-4 Stlth+}
   (You found it on level 5 of the Dungeon)

   [ring of flight]

   It affects your intelligence (-5).
   It affects your dexterity (-4).
   It renders you almost immune to negative energy.
   It grants you flight.
   It makes you more stealthy.
 u - a +6 ring of intelligence (left fist)
 E - the amulet "Hualyil" {Acrobat rF+ rC+ Int-3 Dex+4}
   (You took it off a minotaur in a Gauntlet)

   [amulet of the acrobat]

   It increases your evasion while moving and waiting.
   It affects your intelligence (-3).
   It affects your dexterity (+4).
   It protects you from fire.
   It protects you from cold.
 O - the ring "Dofoz" {Will+ Str+8 Int-3}
   (You found it on level 10 of a ziggurat)

   [ring of willpower]

   It affects your strength (+8).
   It affects your intelligence (-3).
   It increases your willpower.
Wands
 f - a wand of acid (19)
 i - a wand of paralysis (39)
 A - a wand of digging (12)
 G - a wand of mindburst (63)
 U - a wand of iceblast (36)
 V - a wand of charming (44)
Scrolls
 l - 6 scrolls of vulnerability
 o - a scroll of silence
 x - 42 scrolls of teleportation
 C - 16 scrolls of immolation
 D - 12 scrolls of blinking
 F - 7 scrolls of holy word
 J - 4 scrolls of magic mapping
 S - 10 scrolls of fog
 Y - 13 scrolls of fear
Potions
 e - 26 potions of curing
 g - 9 potions of attraction
 j - 7 potions of brilliance
 k - 3 potions of berserk rage
 v - 11 potions of mutation
 w - 13 potions of heal wounds
 z - 10 potions of might
 H - 7 potions of haste
 I - 6 potions of resistance
 K - 7 potions of ambrosia
 P - 3 potions of invisibility
Miscellaneous
 b - a box of beasts
 n - a phantom mirror
 y - a figurine of a ziggurat
 M - a condenser vane
 T - a lightning rod (4/4)


   Skills:
 * Level 22.9 Fighting
 - Level 10.0 Short Blades
 * Level 11.1 Throwing
 - Level 8.5 Armour
 * Level 23.3 Dodging
 - Level 8.0 Stealth
 + Level 22.8 Shields
 - Level 12.0 Unarmed Combat
 O Level 27 Spellcasting
 * Level 21.3 Invocations
 - Level 15.1 Evocations


You couldn't memorise any spells.
You knew the following spells:

 Your Spells              Type           Power      Damage    Failure   Level
a - Shock                 Conj/Air       100%       1d9       0%          1
b - Corpse Rot            Necr/Air       N/A        N/A       0%          2
c - Static Discharge      Conj/Air       100%       N/A       0%          2
d - Lesser Beckoning      Tloc           64%        N/A       0%          3
e - Beastly Appendage     Tmut           100%       N/A       0%          1
f - Lightning Bolt        Conj/Air       64%        1d88      0%          5
l - Eringya's Noxious Bo  Tmut/Pois      64%        N/A       0%          6
o - Conjure Ball Lightni  Conj/Air       64%        3x3d23    0%          6
r - Irradiate             Conj/Tmut      64%        3d35      0%          5
s - Monstrous Menagerie   Summ           64%        N/A       0%          7
t - Airstrike             Air            64%        N/A       0%          4
v - Lee's Rapid Deconstr  Erth           64%        3d30*     0%          5
y - Ozocubu's Armour      Ice            100%       N/A       0%          3
C - Discord               Hex            64%        N/A       1%          8
F - Ignition              Fire           64%        3d17      1%          8
T - Polar Vortex          Ice            64%        N/A       1%          9
W - Swiftness             Air            100%       N/A       0%          3
Y - Statue Form           Tmut/Erth      86%        N/A       0%          6
Your spell library was empty.

Dungeon Overview and Level Annotations

Branches:
Dungeon (15/15)            Temple (0/1) D:5            Lair (6/6) D:11
 Shoals (4/4) Lair:3        Snake (4/4) Lair:4        Slime (5/5) Lair:6
    Orc (2/2) D:11            Elf (3/3) Orc:2        Vaults (5/5) D:13
  Crypt (3/3) Vaults:3       Tomb (3/3) Crypt:3      Depths (5/5) D:15
   Hell (visited)             Zot (0/5) Depths:5    Ossuary (visited)
 Bailey (visited)           IceCv (visited)          WizLab (visited)
Desolation (visited)      Gauntlet (visited)
    Dis: Hell:1         Geh: Hell:1         Coc: Hell:1         Tar: Hell:1

Altars:
Ashenzari
Dithmenos
Fedhas
Gozag
Hepliaklqana
Kikubaaqudgha
Makhleb
Nemelex Xobeh
Okawaru
Qazlal
Sif Muna
Trog
Uskayaw
Vehumet
Wu Jian
Xom
Yredelemnul
The Shining One
Beogh
Lugonu

Shops:
D:10 (   Orc:2 !:(=   Shoals:3 (   Snake:3 [?[!   Vaults:1 !   Vaults:2 [[[?
Vaults:4 [   Vaults:5 ?!!   Depths:5 :=:

Portals:
Hell: Depths:1 Depths:2 Depths:3 Depths:4 Depths:5
Abyss: Depths:2 Depths:4
Pandemonium: Depths:2 Depths:3 Depths:5

Annotations:
D:11 1 runed translucent door
Lair:2 2 transporters, Glokmah's ghost, journeyman TrCK
Shoals:4 Mara
Elf:2 4 runed translucent doors, Conn's ghost, journeyman DEWz
Pan Cerebov


Innate Abilities, Weirdness & Mutations

You are a living statue of rough stone.
Your actions are slow, but your melee attacks are powerful.
You are resistant to unholy torment.
You are flying.
Your maximum health is greatly increased.
Your equipment is partially melded.
You are immune to sickness and miasma.
You are immune to poison.
Your flesh is very heat resistant. (rF++)
You are vulnerable to cold. (rC-)
You float through the air rather than walking.
You learn spells naturally, not from books.
Your magical power is your life essence.
You have superior vitality. (+4 HP)
You are frail. (-10% HP)
You are strong-willed. (Will+)
You passively map a small area around you.
You do not regenerate when monsters are visible.


Message History

Cerebov is almost dead.
Cerebov shouts, "Kneel, thou puking limp-willed bugbear!"
The iceblast engulfs the Brimstone Fiend!!
The Brimstone Fiend is frozen!
The Brimstone Fiend is moderately wounded.
The iceblast engulfs the balrug!
The balrug is frozen!
The balrug is lightly wounded.
The iceblast engulfs the Brimstone Fiend!!
The Brimstone Fiend is frozen!
The Brimstone Fiend is almost dead.
The iceblast engulfs the Brimstone Fiend!!
The Brimstone Fiend is frozen!
The Brimstone Fiend is moderately wounded.
The iceblast engulfs you but does no damage.
The winds around you calm down. Cerebov completely misses you.
The Brimstone Fiend gestures at you.
The sphere of damnation explodes!
The damnation engulfs you!!
* * * LOW HITPOINT WARNING * * *
The damnation engulfs the Brimstone Fiend.
The Brimstone Fiend completely resists.
The damnation engulfs the Brimstone Fiend.
The Brimstone Fiend completely resists.
The damnation engulfs Cerebov.
Cerebov completely resists.
The damnation engulfs the Brimstone Fiend.
The Brimstone Fiend completely resists.
You block the Brimstone Fiend's attack. The Brimstone Fiend misses you.
You block the Brimstone Fiend's attack.
The Brimstone Fiend calls on the powers of darkness!
Your body is wracked with pain!
* * * LOW HITPOINT WARNING * * *
Cerebov closely misses you.
Unknown command.
Casting: Irradiate (safe; 0% risk of failure)
Confirm with . or Enter, or press ? or * to list all spells.
A great freezing vortex appears around you.
* * * LOW HITPOINT WARNING * * *
You kill the Brimstone Fiend!
Cerebov gestures at you. The iron shot hits you!!
You die...

≈,,,*,*,*,*,,,,**......,,,,,,,,*
≈,,,,,,,,,+,,,,,☼.....,,,,,,,,,*
≈≈,,,,,,,,',,,,,☼....,,,,,,,,,,*
≈,,,,,,,,,+,,,,,,...,,,,,,,,,,,*
≈,,,*,*,*,*,,,,##)),,,,,,,*,,,,*
,,,,,,,,,,*≈≈**#).#**,*******,**
,,*,*********###)§#**,*******,*
,,,,*#########.§§§#^○,,,,,,,,,***
,,*,*#........§18§#)#,*******,,,,
,,,,*#.....)...§&1..#,* *,,,,
,**,*#.....≈≈≈§.2§#...# *,***
**,,*#....≈≈≈≈≈...##.## ***
*,,**#....≈≈#≈≈.......#
,,*+*###..≈≈≈≈≈.......#
****,,,#...≈≈≈.......##
####,,,#..).........##
...#,,,#)..........##


You could see Cerebov (fast, misshapen), 2 Brimstone Fiends and a balrug
(summoned).

Vanquished Creatures
  the Royal Jelly (Slime:5)
  6 dread liches
  6 ancient liches
  2 orbs of fire (Zig:7)
  A juggernaut (Depths:5)
  Sojobo (Vaults:3)
  38 royal mummies
  Frederick (Vaults:3)
  Boris (Vaults:4)
  Saint Roka (Snake:3)
  A curse toe (Crypt:3)
  4 Killer Klowns (Zig:20)
  A caustic shrike (shapeshifter) (Zig:20)
  13 caustic shrikes
  Geryon (Hell)
  5 golden dragons
  Nikola (Depths:3)
  2 bone dragons
  2 electric golems (Zig:8)
  2 Tzitzimimeh
  4 Brimstone Fiends
  4 hellephants
  12 pandemonium lords
  Jorgrun (Elf:1)
  A moon troll (WizLab)
  4 tentacled monstrosities
  An Ice Fiend (Zig:19)
  2 Hell Sentinels
  4 deep elf blademasters
  10 liches
  9 titans
  5 deep elf master archers
  Polyphemus (Shoals:2)
  31 acid blobs
  10 sphinxes
  A kraken (Shoals:4)
  5 Executioners
  2 shadow dragons (shapeshifter) (Zig:20)
  12 ancient champions
  6 tentacled starspawn (WizLab)
  8 storm dragons
  Kirke (Elf:1)
  7 shadow dragons
  10 tengu reavers
  15 azure jellies
  8 revenants
  2 azure jellies (shapeshifter) (Zig:20)
  16 rockslimes
  9 nagarajas
  Donald (Elf:1)
  15 frost giants
  3 imperial myrmidons (Desolation)
  19 vault wardens
  19 balrugs
  A frost giant (shapeshifter) (Zig:20)
  17 fire giants
  5 draconian shifters
  7 cacodemons
  6 deep elf sorcerers
  3 warmongers
  2 iron dragons
  3 draconian knights
  2 curse skulls
  3 orc warlords
  4 ghouls
  10 deep elf elementalists (Elf:3)
  An angel (Zig:19)
  3 blood saints
  16 reapers
  6 war gargoyles
  A stone giant (shapeshifter) (Zig:20)
  29 ironbound preservers
  10 quicksilver oozes
  2 corrupters (Pan)
  2 green draconians
  10 bennus
  17 stone giants
  4 spriggan defenders (Depths:5)
  9 vampire knights
  5 black suns
  30 very ugly things
  2 entropy weavers
  A black draconian (Zig:10)
  12 dire elephants
  13 deep elf demonologists
  20 deep elf annihilators
  A purple draconian (Depths:5)
  A red draconian (Depths:5)
  A halazid warlock (Desolation)
  A dire elephant (shapeshifter) (Zig:20)
  21 spark wasps
  3 minotaurs
  7 eidola
  9 deep elf death magi
  19 ettins
  5 merfolk javelineers
  4 blizzard demons
  5 crystal guardians
  9 fire dragons
  10 merfolk impalers
  11 deep elf high priests
  8 green deaths
  28 mummy priests
  6 ragged hierophants (Desolation)
  27 vault guards
  4 ice dragons
  2 rakshasas
  14 jiangshi
  8 boulder beetles
  4 ogre magi
  4 servants of whispers (Desolation)
  21 hydras
  24 yaktaur captains
  15 naga warriors
  Erolcha (Orc:2)
  A juggernaut simulacrum (Pan)
  4 monstrous demonspawn
  3 ironbound thunderhulks
  8 spriggan air magi
  2 quicksilver dragon skeletons
  A salamander tyrant (Snake:3)
  6 merfolk avatars
  8 ironbound frosthearts
  6 hell beasts
  6 peacekeepers
  22 great orbs of eyes
  14 anacondas
  5 catoblepae
  26 centaur warriors
  5 alligator snapping turtles
  56 death scarabs
  18 dancing weapons
  An anaconda (shapeshifter) (Zig:14)
  6 merfolk aquamancers
  An alligator (shapeshifter) (Zig:16)
  2 satyrs
  A satyr (shapeshifter) (D:9)
  4 death knights
  A two-headed ogre (shapeshifter) (Vaults:5)
  11 two-headed ogres
  8 tengu warriors
  4 vampire magi
  A deep troll shaman (Depths:2)
  2 deep troll earth magi (Depths:3)
  A hell hog (Depths:4)
  15 death yaks
  10 soul eaters
  10 ironbound beastmasters
  3 orc high priests
  Sonja (Lair:5)
  29 deep elf knights
  A spriggan berserker (Depths:4)
  6 naga sharpshooters
  9 shock serpents
  Nergalle (Orc:2)
  16 large abominations
  3 titan skeletons
  2 shadow wraiths
  42 sun demons
  A wretched star (WizLab)
  A fire crab (Gauntlet)
  18 hell knights
  9 sixfirhies
  3 flayed ghosts
  2 spriggan druids (Zig:15)
  2 iron trolls
  An anaconda zombie (Tomb:3)
  20 sea snakes
  5 salamander mystics
  A spark wasp zombie (Zig:13)
  8 glowing orange brains
  44 skeletal warriors
  An iron troll (shapeshifter) (Zig:20)
  2 orange crystal statues
  3 gelid demonspawn
  4 torturous demonspawn
  2 starcursed masses (WizLab)
  A bog body (Crypt:2)
  72 deep trolls
  5 shadow demons
  14 deep elf archers
  11 lindwurms
  A swamp dragon (shapeshifter) (Zig:3)
  17 phantasmal warriors
  Pikel (D:7)
  17 harpies
  6 necromancers
  10 naga ritualists
  16 wizards
  34 deep elf pyromancers
  23 deep elf zephyrmancers
  19 ironbound convokers
  2 oklob plants (D:11)
  A fire giant zombie (Tomb:2)
  A frost giant zombie (Zig:13)
  A cyclops (shapeshifter) (Zig:20)
  18 orc sorcerers
  9 fauns
  12 orc knights
  17 mana vipers
  65 ugly things
  A tengu skeleton (Vaults:3)
  11 shining eyes
  A moth of wrath (shapeshifter) (Zig:20)
  19 manticores
  A frost giant skeleton (Tomb:1)
  5 cyclopes
  9 elephants
  13 salamanders
  An elephant (shapeshifter) (Zig:14)
  A fire giant skeleton (Vaults:3)
  16 merfolk sirens
  4 apocalypse crabs
  7 human skeletons
  6 rust devils (Hell)
  A stone giant skeleton (Vaults:3)
  22 naga magi
  2 molten gargoyles (Lair:6)
  An ice statue (IceCv)
  A torpor snail (Zig:15)
  20 eyes of devastation
  8 water nymphs
  25 vault sentinels
  11 guardian serpents
  37 smoke demons
  A guardian serpent (shapeshifter) (Vaults:5)
  13 orange demons
  A shock serpent skeleton (Crypt:1)
  49 black mambas
  5 hellions
  6 efreet
  An unseen horror (shapeshifter) (Vaults:5)
  A dire elephant skeleton (Crypt:2)
  Maggie (D:7)
  A spark wasp simulacrum (Zig:6)
  11 cane toads
  11 rime drakes
  17 komodo dragons
  A catoblepas skeleton (Hell)
  An emperor scorpion zombie (Crypt:3)
  An unseen horror (Depths:2)
  A yaktaur (shapeshifter) (D:13)
  13 freezing wraiths
  61 yaktaurs
  12 ice devils
  61 guardian mummies
  12 tormentors
  2 tengu conjurers
  15 red devils
  A grey draconian skeleton (Crypt:2)
  3 hellwings (Pan)
  A wind drake (shapeshifter) (Vaults:5)
  An ancient zyme (Zig:1)
  A white draconian skeleton (Crypt:1)
  33 merfolk
  3 meliai (Shoals:2)
  16 polar bears
  7 trolls
  8 hornets
  A death drake zombie (Crypt:3)
  41 saltlings (Desolation)
  4 wind drakes
  A moth of wrath zombie (Crypt:2)
  2 raiju (Zig:4)
  72 slime creatures
  18 blink frogs
  A fire giant simulacrum (Crypt:3)
  25 flying skulls
  18 snapping turtles
  A stone giant simulacrum (Tomb:1)
  13 dream sheep
  2 vampires
  A centaur simulacrum (D:15)
  A spriggan (shapeshifter) (Vaults:5)
  3 shadows
  A tarantella (shapeshifter) (Zig:18)
  2 frost giant simulacra
  An ettin skeleton (Vaults:3)
  6 wraiths
  9 wyverns
  10 ynoxinuls (Pan)
  6 spriggans
  20 water elementals
  6 air elementals
  A human (shapeshifter) (D:14)
  A wyvern (shapeshifter) (Zig:20)
  59 yaks
  26 ushabtiu
  3 elf zombies
  12 golden eyes
  Grum (D:8)
  3 fire bats (Gauntlet)
  4 basilisks
  3 fire elementals
  3 black mamba skeletons
  5 hogs (Elf:1)
  12 steam dragons
  5 vampire mosquitoes
  4 chaos spawn
  5 neqoxecs
  Menkaure (D:7)
  A swamp worm (shapeshifter) (Zig:14)
  5 wargs
  42 nagas
  3 acid dragons
  21 water moccasins
  2 floating eyes (Depths:2)
  An ogre skeleton (Vaults:3)
  A cane toad zombie (Tomb:2)
  6 hell hounds
  A faun skeleton (Crypt:1)
  An ettin simulacrum (Vaults:4)
  An ice beast (D:5)
  2 sky beasts
  39 orc warriors
  An ice beast (shapeshifter) (Zig:20)
  9 ogres
  A tengu (shapeshifter) (Vaults:5)
  5 necrophages (Crypt:2)
  A swamp dragon skeleton (Tomb:1)
  A wolf (shapeshifter) (Vaults:5)
  16 centaurs
  38 wolves
  4 lemures
  A blink frog skeleton (Crypt:2)
  6 kobold brigands
  4 small abominations (Depths:2)
  2 gnoll sergeants (D:10)
  An elf skeleton (Hell)
  11 bullfrogs
  A draconian skeleton (Crypt:1)
  5 earth elementals
  5 scorpions
  A wyvern zombie (D:9)
  6 water moccasin zombies
  A yak zombie (Crypt:2)
  A killer bee (D:10)
  10 wights
  7 electric eels
  A howler monkey (D:14)
  8 centaur zombies
  5 lava snakes (Lair:6)
  A wolf zombie (Crypt:3)
  A bullfrog zombie (D:6)
  8 jellies
  15 orc priests
  Crazy Yiuf (D:4)
  A centaur skeleton (D:7)
  A hound (D:6)
  A gnoll shaman (D:8)
  Jessica (D:3)
  A scorpion zombie (D:5)
  3 iguanas
  Natasha (twice) (D:4)
  40 orc wizards
  7 hell rats (Lair:3)
  A killer bee zombie (D:8)
  A tengu zombie (Crypt:2)
  An acid dragon zombie (Crypt:1)
  A felid skeleton (Crypt:2)
  2 hound zombies
  65 mummies
  A hound skeleton (D:5)
  2 howler monkey zombies
  10 gnolls
  A swamp drake zombie (Crypt:3)
  4 adders
  A shadow imp (D:5)
  12 white imps (D:15)
  An ufetubus (D:4)
  5 adder zombies (Ossuary)
  A worm zombie (Crypt:3)
  An adder skeleton (D:4)
  3 dart slugs
  79 orcs
  7 ball pythons
  13 endoplasms
  5 giant cockroaches
  4 gnoll zombies (Ossuary)
  14 goblins
  10 hobgoblins
  6 jackals
  6 quokkas
  5 bats
  2 frilled lizards
  4 hobgoblin zombies (Ossuary)
  2 jackal skeletons
  37 kobolds
  3 kobold zombies (Ossuary)
  6 orc zombies
  2 rats
  A spectral hobgoblin (D:7)
  5 ball lightnings
  A pillar of salt (Desolation)
  A starspawn tentacle (WizLab)
  A tentacle (Shoals:4)
3455 creatures vanquished.

Vanquished Creatures (collateral kills)
  A hellephant (Zig:15)
  A sphinx (Zig:12)
  A draconian stormcaller (Zig:10)
  A draconian annihilator (Zig:10)
  7 very ugly things
  3 dire elephants (Zig:15)
  2 yaktaur captains (Zig:12)
  A hydra (Zig:15)
  A hydra (shapeshifter) (Zig:20)
  An alligator (Zig:15)
  An ironbound convoker (Zig:16)
  A death drake (shapeshifter) (Zig:20)
  An orc knight (Zig:12)
  9 ugly things
  A wolf spider (shapeshifter) (Zig:20)
  A vault sentinel (Zig:16)
  A smoke demon (Pan)
  A rime drake (Zig:15)
  A cane toad (Zig:15)
  3 komodo dragons (Zig:15)
  A slime creature (shapeshifter) (Zig:16)
  A wolf (Zig:15)
  19 ball lightnings
60 creatures vanquished.

Vanquished Creatures (others)
  An eldritch tentacle (Tomb:1)
  A draconian annihilator (Zig:10)
  An ironbound preserver (Zig:16)
  3 very ugly things
  A vampire knight (Depths:2)
  A green draconian (Zig:10)
  A yaktaur captain (Zig:12)
  A vault guard (Zig:16)
  A death knight (D:12)
  A torturous demonspawn (Pan)
  An ugly thing (Depths:2)
  A smoke demon (Pan)
  6 yaks (IceCv)
  A hell hound (Hell)
  5 wolves (IceCv)
  An orc (D:12)
  254 ball lightnings
  36 demonic plants
  42 fungi
  2 pillars of salt (Desolation)
  148 plants
  3 starspawn tentacles (WizLab)
  7 tentacles (Shoals:4)
  6 toadstools (D:3)
525 creatures vanquished.

Grand Total: 4040 creatures vanquished

Notes
Turn   | Place    | Note
-------+----------+-------------------------------------------
     0 | D:1      | MordorOrchid the Djinni Air Elementalist began the quest
                  | for the Orb.
     0 | D:1      | Reached XP level 1. HP: 15/15 MP: 0/0
   108 | D:1      | Reached XP level 2. HP: 18/22 MP: 0/0
   811 | D:1      | Found a faded altar of an unknown god.
   940 | D:1      | Reached XP level 3. HP: 22/26 MP: 0/0
   940 | D:1      | Learned a level 1 spell: Beastly Appendage
  1340 | D:2      | Reached skill level 3 in Spellcasting
  1384 | D:2      | Reached skill level 1 in Fighting
  1964 | D:2      | Reached XP level 4. HP: 27/32 MP: 0/0
  2520 | D:3      | Reached XP level 5. HP: 9/37 MP: 0/0
  2520 | D:3      | Learned a level 2 spell: Corpse Rot
  2779 | D:3      | Reached skill level 1 in Shields
  3012 | D:3      | Found a burning altar of Makhleb.
  3019 | D:3      | Became a worshipper of Makhleb the Destroyer
  3109 | D:3      | Noticed Jessica
  3117 | D:3      | Killed Jessica
  3597 | D:4      | Reached XP level 6. HP: 39/43 MP: 0/0
  4407 | D:4      | Reached * piety under Makhleb
  4436 | D:4      | Reached skill level 1 in Invocations
  4587 | D:4      | Reached XP level 7. HP: 45/49 MP: 0/0
  4587 | D:4      | Learned a level 3 spell: Lesser Beckoning
  4744 | D:4      | Noticed Natasha
  4748 | D:4      | Killed Natasha
  4832 | D:4      | Reached skill level 4 in Spellcasting
  4907 | D:4      | Identified the +9 trident of Propriety {pain, Str+3 Int-4
                  | Dex+4}
  5034 | D:4      | Noticed Natasha
  5043 | D:4      | Killed Natasha
  5286 | D:4      | Found a runed translucent door.
  5287 | D:4      | Noticed Crazy Yiuf
  5292 | D:4      | Killed Crazy Yiuf
  5355 | D:5      | Entered Level 5 of the Dungeon
  5533 | D:5      | Found a staircase to the Ecumenical Temple.
  5792 | D:5      | Identified the ring of the Moon {Fly rN+++ Int-5 Dex-4
                  | Stlth+}
  5852 | D:5      | Reached XP level 8. HP: 50/55 MP: 0/0
  6157 | D:5      | Reached skill level 5 in Spellcasting
  6299 | D:5      | Identified the +0 short sword "Motikh" {vorpal, rF+}
  7062 | D:6      | Found a bloodstained altar of Trog.
  7094 | D:6      | Reached ** piety under Makhleb
  7229 | D:6      | Found a glowing golden altar of the Shining One.
  7622 | D:6      | Reached XP level 9. HP: 27/62 MP: 0/0
  7622 | D:6      | Learned a level 3 spell: Ozocubu's Armour
  8018 | D:7      | Noticed Maggie
  8023 | D:7      | Killed Maggie
  8024 | D:7      | Reached skill level 6 in Spellcasting
  8168 | D:7      | Reached skill level 5 in Dodging
  8531 | D:7      | Noticed Joseph
  8533 | D:7      | Noticed Joseph
  8533 | D:7      | Joseph changed into Joseph the rime drake
  8536 | D:7      | Killed Joseph the rime drake
  8732 | D:7      | Identified the +6 scale mail of the End {Drain Dex+10}
  8811 | D:7      | Noticed Pikel
  9106 | D:7      | Killed Pikel
  9107 | D:7      | Reached skill level 7 in Spellcasting
  9107 | D:7      | Reached XP level 10. HP: 54/69 MP: 0/0
  9269 | D:7      | Found a hazy altar of Hepliaklqana.
  9431 | D:7      | Noticed Menkaure
  9437 | D:7      | Killed Menkaure
  9662 | D:8      | Found an opulent altar of Gozag.
  9719 | D:8      | Identified the +2 helmet of Compassion {rElec}
  9877 | D:8      | Found a sand-covered staircase.
 10001 | Ossuary  | Entered an ossuary
 10167 | Ossuary  | Reached skill level 5 in Fighting
 10389 | Ossuary  | Reached *** piety under Makhleb
 10814 | D:8      | Found a broken altar of Ashenzari.
 11069 | D:8      | Noticed Grum
 11076 | D:8      | Reached skill level 5 in Shields
 11079 | D:8      | Killed Grum
 11080 | D:8      | Reached skill level 8 in Spellcasting
 12326 | D:9      | Reached skill level 5 in Invocations
 12586 | D:9      | Reached XP level 11. HP: 38/76 MP: 0/0
 12586 | D:9      | Learned a level 5 spell: Irradiate
 12767 | D:9      | Found a stormy altar of Qazlal.
 12773 | D:9      | Found a shadowy altar of Dithmenos.
 12778 | D:9      | Found a sparkling altar of Nemelex Xobeh.
 12946 | D:9      | Reached skill level 9 in Spellcasting
 12946 | D:9      | Reached skill level 1 in Evocations
 13128 | D:9      | Noticed a two-headed ogre
 13131 | D:9      | Killed a two-headed ogre
 13506 | D:9      | Noticed a centaur warrior
 13508 | D:9      | Killed a centaur warrior
 13752 | D:9      | Noticed a brown ugly thing
 13757 | D:9      | Killed a brown ugly thing
 13762 | D:9      | Reached **** piety under Makhleb
 14148 | D:9      | Noticed a satyr
 14191 | D:9      | Killed a satyr
 14658 | D:9      | Noticed a skeletal warrior
 14667 | D:9      | Killed a skeletal warrior
 14668 | D:9      | Reached XP level 12. HP: 79/84 MP: 0/0
 14778 | D:9      | Identified the +9 short sword of the Fulmar {freeze, Str+2}
 14778 | D:9      | Noticed a centaur warrior
 14780 | D:9      | Killed a centaur warrior
 14781 | D:9      | Reached skill level 10 in Spellcasting
 14953 | D:9      | Identified the ring of Seuruuge {Will+ Slay+4 SInv}
 15692 | D:10     | Entered Level 10 of the Dungeon
 16051 | D:10     | Found Ytuph's Weapon Boutique.
 16150 | D:10     | Noticed a skeletal warrior
 16152 | D:10     | Killed a skeletal warrior
 16574 | D:10     | Noticed a centaur warrior
 16577 | D:10     | Killed a centaur warrior
 16719 | D:10     | Noticed a war gargoyle
 16723 | D:10     | Killed a war gargoyle
 16744 | D:10     | Noticed a two-headed ogre
 16755 | D:10     | HP: 2/85 [acid (12)]
 16758 | D:10     | Reached XP level 13. HP: 12/90 MP: 0/0
 16758 | D:10     | Learned a level 5 spell: Lee's Rapid Deconstruction
 16780 | D:10     | HP: 4/90 [orc warrior (4)]
 17275 | D:10     | Reached skill level 11 in Spellcasting
 17526 | D:10     | Found a blossoming altar of Fedhas.
 17823 | D:11     | Reached ***** piety under Makhleb
 17838 | D:11     | Found a staircase to the Orcish Mines.
 17840 | D:11     | Reached skill level 1 in Armour
 17869 | D:11     | Found a gate leading to a gauntlet.
 17870 | D:11     | Found a runed translucent door.
 17882 | Gauntlet | Entered a Gauntlet
 17882 | Gauntlet | Found a transporter.
 17882 | Gauntlet | Found a transporter.
 18074 | Gauntlet | Found a transporter.
 18076 | Gauntlet | Found a transporter.
 18084 | Gauntlet | Found a transporter.
 18094 | Gauntlet | Found a transporter.
 18094 | Gauntlet | Found a transporter.
 18095 | Gauntlet | Noticed a blizzard demon
 18098 | Gauntlet | Found a transporter.
 18119 | Gauntlet | Found a transporter.
 18126 | Gauntlet | Found a transporter.
 18144 | Gauntlet | Found a transporter.
 18166 | Gauntlet | Found a transporter.
 18211 | Gauntlet | Found a transporter.
 18227 | Gauntlet | Found a transporter.
 18328 | Gauntlet | Found a transporter.
 18344 | Gauntlet | Found a transporter.
 18535 | Gauntlet | Identified the ring of the Worm {rElec rF+ rCorr Dex-5
                  | SInv}
 18573 | Gauntlet | Identified the amulet "Hualyil" {Acrobat rF+ rC+ Int-3
                  | Dex+4}
 18573 | Gauntlet | Noticed a minotaur
 18575 | Gauntlet | Killed a minotaur
 18576 | Gauntlet | Reached skill level 5 in Evocations
 18604 | D:11     | Found a runed translucent door.
 18681 | D:11     | Noticed a boulder beetle
 18775 | D:11     | Killed a boulder beetle
 19394 | D:11     | Found a runed translucent door.
 19456 | D:11     | Found a runed translucent door.
 19811 | D:11     | Identified the +10 hand axe "Orb Guardian's Bane" {elec,
                  | rN+}
 19814 | D:11     | Found a staircase to the Lair.
 20056 | Lair:1   | Entered Level 1 of the Lair of Beasts
 20827 | Lair:1   | You are sucked into a shaft and drop 1 floor!
 20863 | Lair:2   | Reached XP level 14. HP: 89/98 MP: 0/0
 21196 | Lair:2   | Reached skill level 12 in Spellcasting
 21223 | Lair:2   | Found a transporter.
 21223 | Lair:2   | Noticed Glokmah's ghost (journeyman TrCK)
 23232 | Lair:2   | Found a transporter.
 24330 | Lair:3   | Found a staircase to the Shoals.
 24958 | Lair:4   | Reached ****** piety under Makhleb
 25132 | Lair:4   | Reached XP level 15. HP: 85/104 MP: 0/0
 25132 | Lair:4   | Learned a level 6 spell: Conjure Ball Lightning
 25357 | Lair:4   | Found a staircase to the Snake Pit.
 25772 | Lair:4   | Identified 4 scrolls of acquirement
 25772 | Lair:4   | Acquired a manual of Evocations
 25774 | Lair:4   | Acquired the +3 crown of Dyrovepreva {rElec Int+2 SInv}
 25775 | Lair:4   | Found the +3 crown of Dyrovepreva {rElec Int+2 SInv}
 25787 | Lair:4   | Acquired 1242 gold pieces
 25789 | Lair:4   | Acquired a staff of conjuration
 26293 | Lair:5   | Noticed Sonja
 26297 | Lair:5   | Killed Sonja
 26313 | Lair:5   | Reached skill level 13 in Spellcasting
 26542 | Lair:5   | Reached skill level 10 in Dodging
 27836 | Lair:6   | Entered Level 6 of the Lair of Beasts
 28408 | Lair:6   | Found a staircase to the Slime Pits.
 28891 | Lair:6   | Reached XP level 16. HP: 107/112 MP: 0/0
 28951 | Lair:6   | Found a large runed translucent door.
 28952 | Lair:6   | Found a large runed translucent door.
 29133 | Lair:6   | Reached XP level 17. HP: 118/118 MP: 0/0
 29133 | Lair:6   | Learned a level 6 spell: Eringya's Noxious Bog
 29134 | Lair:6   | Reached XP level 18. HP: 124/124 MP: 0/0
 29515 | Orc:1    | Entered Level 1 of the Orcish Mines
 29870 | Orc:2    | Entered Level 2 of the Orcish Mines
 29870 | Orc:2    | Found a staircase to the Elven Halls.
 30983 | Orc:2    | Noticed Erolcha
 30988 | Orc:2    | Killed Erolcha
 31099 | Orc:2    | Reached skill level 14 in Spellcasting
 31203 | Orc:2    | Found Oziwizio's Antique Weapon Boutique.
 31222 | Orc:2    | Found Osudebb's Distillery.
 31222 | Orc:2    | Found Ogalyhiu's Jewellery Boutique.
 31230 | Orc:2    | Noticed Nergalle
 31234 | Orc:2    | Killed Nergalle
 31262 | Orc:2    | Found Kypsau Cown's Book Shop.
 31268 | Orc:2    | Bought a potion of heal wounds for 70 gold pieces
 31268 | Orc:2    | Bought a potion of haste for 140 gold pieces
 31268 | Orc:2    | Bought a potion of haste for 140 gold pieces
 31584 | Orc:2    | Found a burning altar of Makhleb.
 32078 | Elf:1    | Entered Level 1 of the Elven Halls
 32080 | Elf:1    | Reached skill level 10 in Fighting
 32081 | Elf:1    | Noticed Donald
 32539 | Snake:1  | Entered Level 1 of the Snake Pit
 33004 | Snake:1  | Reached skill level 10 in Shields
 34382 | Snake:2  | Reached skill level 10 in Invocations
 34383 | Snake:2  | Reached skill level 10 in Evocations
 34564 | Snake:2  | Reached XP level 19. HP: 119/131 MP: 0/0
 34564 | Snake:2  | Learned a level 6 spell: Statue Form
 35247 | Snake:3  | Reached skill level 1 in Unarmed Combat
 35582 | Snake:3  | Noticed Saint Roka
 35605 | Snake:3  | HP: 2/131 [Saint Roka/divine providence (11)]
 35626 | Snake:3  | Reached skill level 15 in Spellcasting
 35971 | Snake:3  | Found Saguitt's Antique Armour Shop.
 35974 | Snake:3  | Found Hizilup's Distillery.
 35974 | Snake:3  | Found Rilor's Antique Armour Boutique.
 35979 | Snake:3  | Bought a glowing kite shield for 277 gold pieces
 35989 | Snake:3  | Found Ydudwixo's Magic Scroll Boutique.
 35997 | Snake:3  | Bought a scroll of teleportation for 57 gold pieces
 35997 | Snake:3  | Bought a scroll of fog for 38 gold pieces
 37262 | Snake:3  | Killed Saint Roka
 37450 | Snake:4  | Entered Level 4 of the Snake Pit
 38625 | Snake:4  | Reached XP level 20. HP: 75/139 MP: 0/0
 39532 | Snake:4  | Got a serpentine rune of Zot
 39749 | Shoals:1 | Entered Level 1 of the Shoals
 40116 | Shoals:1 | Reached skill level 16 in Spellcasting
 40871 | Shoals:2 | Noticed Polyphemus
 40945 | Shoals:2 | Reached skill level 5 in Unarmed Combat
 40964 | Shoals:2 | Identified the +6 longbow of the Establishment {freeze,
                  | rPois rF- Will- Int+9}
 40982 | Shoals:2 | Killed Polyphemus
 41440 | Shoals:2 | Found a hide-covered altar of Uskayaw.
 42032 | Shoals:2 | Identified the ring of Cuugiqy {*Slow Str+3 Int+3 SInv}
 42080 | Shoals:3 | Found the +2 robe of Vines {NoPotionHeal Regen+++}
 42115 | Shoals:3 | Found Dutef's Antique Weapon Shoppe.
 42638 | Shoals:3 | Bought a faintly glowing short sword for 240 gold pieces
 42638 | Shoals:3 | Identified the +3 short sword of Defilement {vorpal, Will++
                  | Int+3} (You bought it in a shop on level 3 of the Shoals)
 42755 | Shoals:3 | Reached XP level 21. HP: 146/146 MP: 0/0
 42755 | Shoals:3 | Learned a level 8 spell: Ignition
 42928 | Shoals:4 | Entered Level 4 of the Shoals
 42938 | Shoals:4 | Identified the +5 rapier "Goblinbane" {holy, Contam rF++}
 42947 | Shoals:4 | HP: 5/146 [merfolk impaler (5)]
 44750 | Shoals:4 | Got a barnacled rune of Zot
 44901 | Shoals:4 | Noticed Mara
 44952 | Shoals:4 | Reached skill level 1 in Short Blades
 45156 | Shoals:4 | Noticed MordorOrchid's illusion
 45620 | D:12     | Found a flagged portal.
 45624 | D:12     | Identified the +4 hand axe of Forced Transition {vorpal,
                  | +Blink}
 45630 | Bailey   | Entered a bailey
 45704 | Bailey   | Identified the +2 scale mail of the Vestibule of Hell
                  | {rCorr Str-4 Slay+2}
 46140 | Bailey   | Found an iron altar of Okawaru.
 47616 | D:13     | Found a gate to the Vaults.
 48483 | D:14     | Reached XP level 22. HP: 145/153 MP: 0/0
 48496 | D:14     | Reached skill level 17 in Spellcasting
 49083 | D:15     | Entered Level 15 of the Dungeon
 49201 | D:15     | Found a frozen archway.
 49249 | IceCv    | Entered an ice cave
 50014 | IceCv    | Identified the +0 ring mail of Abstinence {Rampage rPois
                  | rF- Int+5}
 50221 | D:15     | Found a staircase to the Depths.
 50600 | D:15     | Found an ornate altar of the Wu Jian Council.
 50937 | Vaults:1 | Entered Level 1 of the Vaults
 51817 | Vaults:1 | Found Bykoischu's Distillery.
 51823 | Vaults:1 | Bought a potion of heal wounds for 55 gold pieces
 51823 | Vaults:1 | Bought a potion of haste for 110 gold pieces
 51823 | Vaults:1 | Bought a potion of haste for 110 gold pieces
 52361 | Vaults:1 | Reached XP level 23. HP: 139/160 MP: 0/0
 52361 | Vaults:1 | Learned a level 7 spell: Monstrous Menagerie
 53234 | Vaults:2 | Found Sakiheir's Magic Scroll Shoppe.
 53242 | Vaults:2 | Bought a scroll of fog for 24 gold pieces
 53242 | Vaults:2 | Bought a scroll of teleportation for 36 gold pieces
 53242 | Vaults:2 | Bought a scroll of teleportation for 36 gold pieces
 53242 | Vaults:2 | Bought a scroll of magic mapping for 42 gold pieces
 53242 | Vaults:2 | Bought a scroll of immolation for 42 gold pieces
 53326 | Vaults:2 | Found Simol's Armour Boutique.
 53370 | Vaults:2 | Reached skill level 5 in Throwing
 53382 | Vaults:2 | Reached skill level 18 in Spellcasting
 53637 | Vaults:2 | Found Esyi's Antique Armour Shoppe.
 53966 | Vaults:2 | Reached skill level 5 in Short Blades
 54062 | Vaults:2 | Found Uqaban's Antique Armour Shoppe.
 54074 | Vaults:2 | Bought a shiny kite shield for 255 gold pieces
 54074 | Vaults:2 | Bought a distressingly furry leather armour for 238 gold
                  | pieces
 54074 | Vaults:2 | Identified the +2 leather armour of the Lobster {Dex+8
                  | Slay+4} (You bought it in a shop on level 2 of the Vaults)
 54074 | Vaults:2 | Bought a runed kite shield for 255 gold pieces
 54326 | Vaults:3 | Noticed Frederick
 54332 | Vaults:3 | Killed Frederick
 54705 | Vaults:3 | Reached XP level 24. HP: 155/167 MP: 0/0
 55709 | Vaults:3 | Found a staircase to the Crypt.
 56030 | Vaults:3 | Noticed Sojobo
 56053 | Vaults:3 | Killed Sojobo
 56054 | Vaults:3 | Reached skill level 15 in Evocations
 57140 | Vaults:4 | Identified the +11 arbalest of the Scorpion {penet, Int+3
                  | Dex+4 SInv}
 57170 | Vaults:4 | Noticed Boris
 57772 | Vaults:4 | Reached XP level 25. HP: 175/175 MP: 0/0
 57772 | Vaults:4 | Learned a level 8 spell: Discord
 57779 | Vaults:4 | Found Ohoxzargh's Armour Boutique.
 57930 | Vaults:4 | Killed Boris
 57943 | Vaults:4 | Reached skill level 19 in Spellcasting
 58887 | Vaults:5 | Entered Level 5 of the Vaults
 58911 | Vaults:5 | Noticed a dread lich
 58931 | Vaults:5 | Reached skill level 10 in Unarmed Combat
 58932 | Vaults:5 | Killed a dread lich
 58933 | Vaults:5 | Reached skill level 15 in Dodging
 59010 | Vaults:5 | Reached XP level 26. HP: 137/182 MP: 0/0
 59051 | Vaults:5 | Identified the +10 quarterstaff "Djinni's Regret" {freeze,
                  | rF- Dex+7}
 59213 | Vaults:5 | Noticed an ancient lich
 59217 | Vaults:5 | Killed an ancient lich
 59408 | Vaults:5 | Identified the +7 spear of Ziannop {antimagic, +Rage rPois
                  | Str+5 Int-5}
 59415 | Vaults:5 | Identified the ring "Inipn" {rF- rC+ rCorr Str-5 Dex+10}
 59427 | Vaults:5 | Identified the +6 whip "Ultimatum" {speed, Will+ Str+3
                  | Stlth+}
 59557 | Vaults:5 | Identified the +1 leather armour of the Sun {rPois rN++
                  | Will- Dex+4}
 59687 | Vaults:5 | Identified the +9 great mace of Xyjeph {antimagic, rElec
                  | Str+4 Dex-2}
 59844 | Vaults:5 | Found Xesol's Magic Scroll Boutique.
 59849 | Vaults:5 | Bought a scroll of fear for 52 gold pieces
 59849 | Vaults:5 | Bought a scroll of teleportation for 45 gold pieces
 59849 | Vaults:5 | Bought a scroll of teleportation for 45 gold pieces
 59986 | Vaults:5 | Reached skill level 20 in Spellcasting
 60209 | Vaults:5 | Got a silver rune of Zot
 60592 | Vaults:5 | Identified the -4 pair of gloves of the Camelopard {rF-
                  | Str+7}
 60817 | Vaults:5 | Found Dypn's Distillery.
 60817 | Vaults:5 | Found Essafruo's Distillery.
 60822 | Vaults:5 | Bought a potion of might for 72 gold pieces
 60853 | Vaults:5 | Found Are Peus's Distillery.
 60858 | Vaults:5 | Bought a potion of haste for 170 gold pieces
 60858 | Vaults:5 | Bought a potion of haste for 170 gold pieces
 60858 | Vaults:5 | Bought a potion of heal wounds for 85 gold pieces
 60858 | Vaults:5 | Bought a potion of heal wounds for 85 gold pieces
 60858 | Vaults:5 | Bought a potion of might for 68 gold pieces
 61098 | Vaults:5 | Identified the ring "Bimmyfed" {rPois rN+}
 61492 | Elf:1    | Killed Donald
 62017 | Elf:1    | Noticed Jorgrun
 62018 | Elf:1    | Killed Jorgrun
 62527 | Elf:1    | Identified the Incunabulum of Companions
 62592 | Elf:1    | Reached XP level 27. HP: 189/189 MP: 0/0
 62592 | Elf:1    | Learned a level 9 spell: Polar Vortex
 62617 | Elf:1    | Noticed Kirke
 62620 | Elf:1    | Killed Kirke
 63112 | Elf:2    | Found a ruined gateway.
 63135 | Desolati | Entered the Desolation of Salt
 63266 | Desolati | Identified the amulet "Wufeduc" {Reflect Will++ SH+5}
 63268 | Desolati | Identified the ring of Agrivich {rElec rN+ MP+9}
 63354 | Desolati | Identified the amulet of Qehiso {Faith +Inv rN+ Will+}
 63470 | Desolati | Identified the +0 robe "Eclusm" {rElec Dex+4 Slay+3}
 63503 | Desolati | Identified the +5 short sword "Uxiuclud" {holy, rF+ Will+
                  | Dex+4}
 63506 | Desolati | Identified the Almanac of Darkness and the Glacier
 63570 | Elf:2    | Identified the +1 ring mail of Filigreed Amelioration {rN++
                  | Will+}
 63685 | Elf:2    | Found a magical portal.
 63694 | WizLab   | Entered Lehudib's Moon Base
 63726 | WizLab   | Found a transporter.
 64014 | WizLab   | Reached skill level 15 in Fighting
 64602 | WizLab   | Found a transporter.
 65012 | WizLab   | Identified the amulet "Zeudofae" {Acrobat Int+3 Dex+4
                  | Stlth+}
 65255 | Elf:2    | Found a runed translucent gate.
 65257 | Elf:2    | Found a runed translucent gate.
 65263 | Elf:2    | Found a runed translucent gate.
 65285 | Elf:2    | Identified the +5 flail "Bung" {venom, rPois rCorr Dex+4}
 65364 | Elf:2    | Found a runed translucent door.
 65364 | Elf:2    | Found a shimmering altar of Xom.
 65364 | Elf:2    | Noticed Conn's ghost (journeyman DEWz)
 65380 | Elf:3    | Entered Level 3 of the Elven Halls
 65981 | Elf:3    | Identified the +7 falchion of Fundamental Breach {flame,
                  | rF+++}
 65993 | Elf:3    | Identified the +0 plate armour of Plog {rElec rF- Int-2
                  | Dex+10}
 66033 | Elf:3    | Reached skill level 21 in Spellcasting
 66588 | Elf:3    | Reached skill level 15 in Shields
 66719 | Elf:3    | Identified the +1 leather armour of Inevitability {rN+
                  | Int+3}
 66719 | Elf:3    | Identified the +1 hand axe "Caumoef" {vorpal, Dex+3 Stlth+}
 66733 | Elf:3    | Identified the ring "Exion" {Will+ Slay+2}
 66745 | Elf:3    | Identified the +9 trident of Hatred {vorpal, rElec Will++}
 66864 | Elf:3    | Identified the ring "Laetuate" {*Corrode AC+4 Str+7 Int+2
                  | Dex+4} (You took it off a deep elf archer on level 3 of the
                  | Elven Halls)
 66962 | Elf:3    | Identified the Reference Book on Ignition and the Traveller
 66966 | Elf:3    | Identified the +7 battleaxe of Bevaesch {protect, Dex+4}
 66977 | Elf:3    | Identified the Incunabulum of the Supportive Rocks
 66979 | Elf:3    | Identified the Handbook of Cankerous Execration
 66982 | Elf:3    | Identified the +5 hunting sling "Voxut" {vorpal, rCorr
                  | Int+4}
 67006 | Elf:3    | Identified the +3 ring mail "Sezekk" {rElec Dex+2 Slay+2}
 67012 | Elf:3    | Identified the amulet "Pavvin" {Spirit Regen+}
 67116 | Elf:3    | Identified the +3 scale mail of Sin {rF++ rC- Str+6}
 67446 | Slime:1  | Entered Level 1 of the Pits of Slime
 67453 | Slime:1  | Reached skill level 15 in Invocations
 67553 | Slime:3  | Reached skill level 10 in Short Blades
 67639 | Slime:5  | Entered Level 5 of the Pits of Slime
 67745 | Slime:5  | Noticed the Royal Jelly
 67757 | Slime:5  | Killed the Royal Jelly
 68024 | Slime:5  | Found the +7 Kryia's mail coat {PotionHeal*2 rC+}
 68037 | Slime:5  | Got a slimy rune of Zot
 68065 | Slime:5  | Identified the +9 falchion "Qonyshred" {freeze, Drain rC+
                  | rN++ Str+2}
 68066 | Slime:5  | Identified the +4 long sword of Dim Light {flame, rElec
                  | Int+5}
 68087 | Slime:5  | Identified the ring of the Thistle {Wiz rC+ Str+5}
 68457 | Depths:1 | Entered Level 1 of the Depths
 68806 | Depths:1 | Found a gateway to Hell.
 68847 | Depths:1 | You are sucked into a shaft and drop 1 floor!
 68943 | Depths:2 | Found a gateway to a ziggurat.
 68959 | Zig:1    | Entered Level 1 of a ziggurat
 68975 | Zig:2    | Entered Level 2 of a ziggurat
 68993 | Zig:3    | Entered Level 3 of a ziggurat
 69022 | Zig:4    | Entered Level 4 of a ziggurat
 69044 | Zig:5    | Entered Level 5 of a ziggurat
 69074 | Zig:6    | Entered Level 6 of a ziggurat
 69094 | Zig:6    | Identified the ring of the Falcon {rN+ Str+4 Int+3 Dex-2}
 69144 | Zig:7    | Entered Level 7 of a ziggurat
 69151 | Zig:7    | Noticed an orb of fire
 69152 | Zig:7    | Found the +7 pair of quick blades "Gyre" and "Gimble"
                  | {protect}
 69152 | Zig:7    | Noticed an orb of fire
 69152 | Zig:7    | Gained mutation: You are weak. (Str -2) [an orb of fire]
 69155 | Zig:7    | Gained mutation: You do not regenerate when monsters are
                  | visible. [an orb of fire]
 69156 | Zig:7    | Reached skill level 22 in Spellcasting
 69158 | Zig:7    | Killed an orb of fire
 69158 | Zig:7    | Gained mutation: Your body sometimes deteriorates upon
                  | taking damage. [an orb of fire]
 69159 | Zig:7    | Killed an orb of fire
 69233 | Zig:8    | Entered Level 8 of a ziggurat
 69243 | Zig:8    | Paralysed by an air elemental for 1 turns
 69262 | Zig:8    | Identified the +0 chain mail "Mithro" {Dex+6}
 69269 | Zig:8    | Identified the +6 rapier of the Foot {vorpal, rPois}
 69276 | Zig:9    | Entered Level 9 of a ziggurat
 69301 | Zig:9    | Identified the +10 spear of Malaise {protect, *Corrode
                  | rC+++ Str+4 Int+3}
 69304 | Zig:9    | Identified the +9 trident of Bodily Harmony {vamp, Str+2}
 69311 | Zig:10   | Entered Level 10 of a ziggurat
 69339 | Zig:10   | Identified the +6 hand crossbow "Jaorhyd" {flame, *Corrode
                  | rC+ rN+ SInv}
 69351 | Zig:10   | Identified the ring "Dofoz" {Will+ Str+8 Int-3}
 69358 | Zig:11   | Entered Level 11 of a ziggurat
 69387 | Zig:11   | Identified the +4 great mace of the Past {flame, Fragile
                  | rCorr Int+4 Dex+2}
 69391 | Zig:11   | Identified the ring "Umeiteant" {Str+6 Dex+7}
 69401 | Zig:12   | Entered Level 12 of a ziggurat
 69412 | Zig:12   | Noticed an ancient lich
 69413 | Zig:12   | Noticed an ancient lich
 69414 | Zig:12   | Found the +3 pair of gauntlets of War {Slay+5}
 69415 | Zig:12   | Noticed a dread lich
 69417 | Zig:12   | Killed a dread lich
 69417 | Zig:12   | Killed an ancient lich
 69418 | Zig:12   | Killed an ancient lich
 69462 | Zig:13   | Entered Level 13 of a ziggurat
 69477 | Zig:13   | Noticed a royal mummy
 69477 | Zig:13   | Noticed a royal mummy
 69479 | Zig:13   | Noticed a royal mummy
 69480 | Zig:13   | Killed a royal mummy
 69482 | Zig:13   | Killed a royal mummy
 69484 | Zig:13   | Killed a royal mummy
 69505 | Zig:13   | Identified the ring "Jucupham" {Will++ MP+9}
 69506 | Zig:13   | Identified the +5 plate armour of the Slorg {Will++ Str+6}
 69635 | Zig:14   | Entered Level 14 of a ziggurat
 69649 | Zig:14   | Noticed a dread lich
 69652 | Zig:14   | Noticed an ancient lich
 69653 | Zig:14   | Noticed an ancient lich
 69654 | Zig:14   | Found the +8 Vampire's Tooth {vamp}
 69654 | Zig:14   | Killed an ancient lich
 69655 | Zig:14   | Killed an ancient lich
 69655 | Zig:14   | Killed a dread lich
 69658 | Zig:14   | Found the +10 Black Knight's barding {ponderous, rPois rN+}
 69666 | Zig:14   | Identified the +0 chain mail "Kefaxzax" {rElec rF- rC-
                  | rN+++}
 69667 | Zig:14   | Identified the +4 helmet of the Forest {Rampage Drain rF+++
                  | Str+2}
 69673 | Zig:14   | Identified the +1 robe "Defoust" {rC- rN+++ Regen+ Int+3}
 69677 | Zig:14   | Identified the +5 kite shield of Inevitability {rF+ rC+
                  | Will+ Regen+}
 69687 | Zig:15   | Entered Level 15 of a ziggurat
 69707 | Zig:15   | Reached skill level 23 in Spellcasting
 69717 | Zig:15   | Identified the +9 great mace of Causality {pain, Str+4
                  | Int+4}
 69718 | Zig:15   | Identified the Handbook of Dislocation and Heat
 69755 | Zig:15   | Identified the ring "Enut" {rF+ rC+}
 69757 | Zig:15   | Identified the ring of Lady Luck {rPois rF+ Str+5 Int+2
                  | Dex+6}
 69762 | Zig:16   | Entered Level 16 of a ziggurat
 69775 | Zig:16   | Noticed a dread lich
 69777 | Zig:16   | Noticed a dread lich
 69778 | Zig:16   | Noticed an ancient lich
 69778 | Zig:16   | Noticed a dread lich
 69781 | Zig:16   | Killed a dread lich
 69785 | Zig:16   | Killed an ancient lich
 69785 | Zig:16   | Killed a dread lich
 69791 | Zig:16   | Killed a dread lich
 69801 | Zig:16   | Found the ring of Shadows {Umbra +Inv Stlth+}
 69821 | Zig:16   | Identified the ring of the Pariah {rC+ Dex+2 Stlth+}
 69828 | Zig:16   | Identified the +7 quarterstaff of Dory {antimagic, rF+
                  | Int+3}
 70005 | Zig:17   | Entered Level 17 of a ziggurat
 70040 | Zig:17   | Identified the +3 chain mail of the Ladybird {Harm +Blink
                  | Will+ Dex+4}
 70045 | Zig:17   | Identified the +3 giant spiked club "Zobreusa" {vorpal,
                  | +Rage rElec rPois Str-4}
 70046 | Zig:17   | Identified the +0 chain mail "Garotam" {rF++}
 70055 | Zig:17   | Identified the +5 hunting sling of Judgement {freeze, rElec
                  | rC++ Dex-3 SInv}
 70060 | Zig:18   | Entered Level 18 of a ziggurat
 70079 | Zig:18   | Paralysed by an air elemental for 1 turns
 70097 | Zig:18   | Identified the Handbook of Orientation
 70165 | Zig:18   | Identified Ufunyale's Almanac of Evil and Conjuration
 70169 | Zig:18   | Identified the +7 dagger of Hard Scrabble {freeze, *Corrode
                  | Fly Int+3 Dex+4}
 70172 | Zig:19   | Entered Level 19 of a ziggurat
 70192 | Zig:19   | Noticed Lykheitiun the pandemonium lord
 70198 | Zig:19   | Killed Lykheitiun the pandemonium lord
 70213 | Zig:19   | Identified the +9 short sword of Raeruoc {freeze, rC+
                  | Int+7}
 70220 | Zig:19   | Identified the +8 shortbow of Pride {venom, Str-2 Dex+2
                  | SInv}
 70229 | Zig:19   | Identified the +7 short sword "Qotewosch" {holy, +Blink
                  | rElec Dex+4}
 70237 | Zig:20   | Entered Level 20 of a ziggurat
 70250 | Zig:20   | Noticed Sevvoqe the pandemonium lord
 70251 | Zig:20   | Noticed Iwimoekas the pandemonium lord
 70257 | Zig:20   | Noticed a Killer Klown
 70258 | Zig:20   | Noticed a Killer Klown
 70260 | Zig:20   | Noticed a Killer Klown
 70261 | Zig:20   | Noticed Goshrim the pandemonium lord
 70261 | Zig:20   | Noticed Asuic the pandemonium lord
 70263 | Zig:20   | Killed a Killer Klown
 70265 | Zig:20   | Noticed Yhir the pandemonium lord
 70265 | Zig:20   | Noticed Naponih the pandemonium lord
 70266 | Zig:20   | Noticed a Killer Klown
 70266 | Zig:20   | Noticed Ralasedgh the pandemonium lord
 70267 | Zig:20   | Killed a Killer Klown
 70268 | Zig:20   | Reached skill level 24 in Spellcasting
 70268 | Zig:20   | Killed Sevvoqe the pandemonium lord
 70268 | Zig:20   | Killed Goshrim the pandemonium lord
 70269 | Zig:20   | Noticed Qagrucvo the pandemonium lord
 70270 | Zig:20   | Killed a Killer Klown
 70270 | Zig:20   | Killed Yhir the pandemonium lord
 70270 | Zig:20   | Killed Ralasedgh the pandemonium lord
 70271 | Zig:20   | Killed Naponih the pandemonium lord
 70272 | Zig:20   | Killed a Killer Klown
 70274 | Zig:20   | Killed Qagrucvo the pandemonium lord
 70275 | Zig:20   | Killed Iwimoekas the pandemonium lord
 70276 | Zig:20   | Killed Asuic the pandemonium lord
 70286 | Zig:20   | Identified the ring of Neopha Odoer {rElec Will+ rCorr
                  | Int+4 Stlth-}
 70298 | Zig:20   | Identified the +3 buckler of the Beekeeper {-Tele Fly rF-
                  | SInv}
 70307 | Depths:2 | Lost mutation: You are weak. (Str -2) [potion of mutation]
 70307 | Depths:2 | Lost mutation: Your body sometimes deteriorates upon taking
                  | damage. [potion of mutation]
 70307 | Depths:2 | Gained mutation: Armour fits poorly on your strangely
                  | shaped body. [potion of mutation]
 70308 | Depths:2 | Lost mutation: Armour fits poorly on your strangely shaped
                  | body. [potion of mutation]
 70308 | Depths:2 | Gained mutation: You passively map a small area around you.
                  | [potion of mutation]
 70308 | Depths:2 | Gained mutation: You are strong-willed. (Will+) [potion of
                  | mutation]
 70766 | Depths:2 | Found a one-way gate leading to the halls of Pandemonium.
 71051 | Depths:2 | Found a one-way gate to the infinite horrors of the Abyss.
 71443 | Hell     | Entered the Vestibule of Hell
 71443 | Hell     | Noticed Geryon
 71453 | Hell     | Killed Geryon
 71745 | Hell     | Acquired the +11 quick blade "Sarcophage" {antimagic, Int+3
                  | Stlth+}
 71747 | Hell     | Acquired a manual of Armour
 71861 | Depths:1 | Found a runed translucent door.
 72085 | Depths:1 | Identified the +9 quick blade "Inna" {vorpal, Int+3}
 72552 | Crypt:1  | Entered Level 1 of the Crypt
 72639 | Crypt:1  | Identified the +0 chain mail "Woesy" {rN++ Will+++ Dex-2}
 73046 | Crypt:2  | Reached skill level 25 in Spellcasting
 73174 | Crypt:3  | Entered Level 3 of the Crypt
 73402 | Crypt:3  | Found a basalt altar of Yredelemnul.
 73433 | Crypt:3  | Found the +13 scythe of Curses {drain, Drain}
 73434 | Crypt:3  | Identified the ring of False Pretenses {rElec rF+ rCorr}
 73576 | Crypt:3  | Found a staircase to the Tomb.
 73585 | Tomb:1   | Entered Level 1 of the Tomb of the Ancients
 73708 | Tomb:1   | Identified the +0 helmet of Xom's Esteem {rPois rF- Will+
                  | Dex+4}
 73903 | Tomb:1   | Noticed a royal mummy
 73911 | Tomb:1   | Killed a royal mummy
 74443 | Tomb:2   | Noticed a royal mummy
 74443 | Tomb:2   | Noticed a royal mummy
 74443 | Tomb:2   | Noticed a royal mummy
 74445 | Tomb:2   | Noticed a royal mummy
 74446 | Tomb:2   | Noticed a royal mummy
 74448 | Tomb:2   | Killed a royal mummy
 74448 | Tomb:2   | Killed a royal mummy
 74449 | Tomb:2   | Killed a royal mummy
 74449 | Tomb:2   | Killed a royal mummy
 74450 | Tomb:2   | Killed a royal mummy
 74830 | Tomb:1   | Noticed a royal mummy
 74830 | Tomb:1   | Noticed a royal mummy
 74831 | Tomb:1   | Noticed a royal mummy
 74834 | Tomb:1   | Noticed a royal mummy
 74834 | Tomb:1   | Noticed a royal mummy
 74835 | Tomb:1   | Noticed a royal mummy
 74838 | Tomb:1   | Killed a royal mummy
 74839 | Tomb:1   | Killed a royal mummy
 74839 | Tomb:1   | Killed a royal mummy
 74840 | Tomb:1   | Killed a royal mummy
 74840 | Tomb:1   | Killed a royal mummy
 74842 | Tomb:1   | Noticed a royal mummy
 74843 | Tomb:1   | Killed a royal mummy
 74848 | Tomb:1   | Noticed a royal mummy
 74975 | Tomb:1   | Noticed a royal mummy
 74980 | Tomb:1   | Killed a royal mummy
 74982 | Tomb:1   | Killed a royal mummy
 74987 | Tomb:1   | Killed a royal mummy
 74994 | Tomb:1   | Noticed a royal mummy
 75003 | Tomb:1   | Killed a royal mummy
 75020 | Tomb:1   | Noticed a royal mummy
 75029 | Tomb:1   | Killed a royal mummy
 75030 | Tomb:1   | Noticed a royal mummy
 75037 | Tomb:1   | Noticed a royal mummy
 75041 | Tomb:1   | Killed a royal mummy
 75056 | Tomb:1   | Killed a royal mummy
 75057 | Tomb:1   | Reached skill level 26 in Spellcasting
 75169 | Tomb:1   | Noticed a royal mummy
 75181 | Tomb:1   | Killed a royal mummy
 75250 | Tomb:1   | Noticed a royal mummy
 75262 | Tomb:1   | Killed a royal mummy
 75336 | Tomb:1   | Noticed a royal mummy
 75344 | Tomb:1   | Killed a royal mummy
 75416 | Tomb:1   | Noticed a royal mummy
 75417 | Tomb:1   | Noticed a royal mummy
 75421 | Tomb:1   | Noticed a royal mummy
 75423 | Tomb:1   | Killed a royal mummy
 75423 | Tomb:1   | Killed a royal mummy
 75430 | Tomb:1   | Killed a royal mummy
 75431 | Tomb:1   | Noticed a royal mummy
 75433 | Tomb:1   | Noticed a royal mummy
 75437 | Tomb:1   | Killed a royal mummy
 75439 | Tomb:1   | Killed a royal mummy
 75727 | Tomb:3   | Entered Level 3 of the Tomb of the Ancients
 75739 | Tomb:3   | Noticed a royal mummy
 75740 | Tomb:3   | Noticed a royal mummy
 75743 | Tomb:3   | Noticed a royal mummy
 75744 | Tomb:3   | Killed a royal mummy
 75745 | Tomb:3   | Killed a royal mummy
 75745 | Tomb:3   | Killed a royal mummy
 75745 | Tomb:3   | Noticed a royal mummy
 75751 | Tomb:3   | Killed a royal mummy
 75831 | Tomb:3   | Noticed a royal mummy
 75844 | Tomb:3   | Killed a royal mummy
 75872 | Tomb:3   | Got a golden rune of Zot
 75957 | Tomb:3   | Identified the +7 arbalest of Duty {freeze, rF+ Int+2}
 76057 | Tomb:3   | Noticed a royal mummy
 76065 | Tomb:3   | Noticed a royal mummy
 76066 | Tomb:3   | Killed a royal mummy
 76075 | Tomb:3   | Killed a royal mummy
 76342 | Tomb:3   | Noticed a royal mummy
 76349 | Tomb:3   | Killed a royal mummy
 77076 | Depths:3 | Identified the +2 pair of gloves of the Boiling Point
                  | {Will+ Int+3 SInv}
 77076 | Depths:3 | Noticed Nikola
 77079 | Depths:3 | Killed Nikola
 77808 | Depths:3 | You are sucked into a shaft and drop 1 floor!
 77935 | Depths:4 | Found a corrupted altar of Lugonu.
 78765 | Depths:5 | Entered Level 5 of the Depths
 78777 | Depths:5 | Reached skill level 27 in Spellcasting
 78796 | Depths:5 | Noticed a juggernaut
 78803 | Depths:5 | Killed a juggernaut
 79059 | Depths:5 | Found a gate to the Realm of Zot.
 79264 | Depths:5 | Found Yluruyz's Book Shoppe.
 79264 | Depths:5 | Found Satres's Jewellery Boutique.
 79266 | Depths:5 | Found Coabereth's Book Shoppe.
 79272 | Depths:5 | Bought a manual of Shields for 2097 gold pieces
 79276 | Depths:5 | Bought a manual of Invocations for 2097 gold pieces
 79348 | Depths:5 | Found an iron altar of Okawaru.
 79617 | Hell     | Acquired a manual of Short Blades
 79637 | Pan      | Entered Pandemonium
 79816 | Pan      | Noticed Omogra the pandemonium lord
 79819 | Pan      | Killed Omogra the pandemonium lord
 79932 | Pan      | Found an exit through the horrors of the Abyss.
 79937 | Pan      | Gained mutation: You are frail. (-10% HP) [a cacodemon]
 79943 | Pan      | Noticed Byv Yrel the pandemonium lord
 79947 | Pan      | Killed Byv Yrel the pandemonium lord
 79948 | Pan      | Reached skill level 10 in Throwing
 79960 | Pan      | Got a demonic rune of Zot
 79981 | Pan      | Noticed Goclube the pandemonium lord
 79991 | Pan      | Killed Goclube the pandemonium lord
 80430 | Pan      | Found an exit through the horrors of the Abyss.
 80474 | Pan      | Identified the +4 quarterstaff of the Trees {freeze, rElec
                  | rC+}
 80532 | Pan      | Entered the realm of Cerebov.
 80699 | Pan      | Found the +6 sword of Cerebov {flame}
 80699 | Pan      | Noticed Cerebov
 80723 | Pan      | Killed from afar by Cerebov

Illustrated notes

Levels and vault maps discovered:
D:1:      minmay_arrival_plants_in_alcoves, layout_rooms,
          hellmonk_ecumenical_altar_inner_sanctum, serial_park_tiny_1,
          minmay_distorted
D:2:      layout_basic, serial_aquarium, aquarium_bridge_long_joined
          [aquarium_subvault_window, aquarium_subvault_window,
          aquarium_subvault_bridge, aquarium_subvault_wall,
          aquarium_subvault_bridge, aquarium_subvault_window],
          aquarium_window_fake, aquarium_window_corner, aquarium_view_2c,
          st_stairs_11, minmay_crystal_water, grunt_ministairs_7,
          kennysheep_cross_room
D:3:      cheibrodos_fertilizer, layout_loops_ring, bloody_makhleb, uniq_jessica
D:4:      minmay_door_path, layout_loops_ring, uniq_crazy_yiuf_cottage,
          uniq_natasha
D:5:      minmay_inner_zag, layout_loops_ring, temple_hall_moat,
          minmay_misc_feat_pillars
D:6:      layout_basic, amcnicky_altar_gilded, lemuel_tele_altar
D:7:      layout_gridville, nicolae_hepliaklqana_monster_ancestors,
          serial_bayou_ford_a, uniq_menkaure, uniq_joseph, uniq_pikel,
          uniq_maggie
D:8:      layout_gridville, grunt_gozag_statues, ashenzari_altar_1,
          gup_ossuary_entry_pyramid, uniq_grum
D:9:      minmay_the_grid_triangle_9x9_rhombus_full
          [minmay_the_grid_triangle_9x9_intruding_spiral,
          minmay_the_grid_triangle_9x9_zippers_horizontal,
          minmay_the_grid_triangle_9x9_semitri,
          minmay_the_grid_triangle_9x9_skeleton,
          minmay_the_grid_triangle_9x9_sprig,
          minmay_the_grid_triangle_9x9_limited_checkers,
          minmay_the_grid_triangle_9x9_sparse_checkered,
          minmay_the_grid_triangle_9x9_prize_center], layout_irregular_city,
          minmay_overflow_temple_star_quad, serial_bayou, serial_bayou_shore_b,
          serial_bayou_shore_a, serial_bayou_pond_c, serial_bayou_lagoon_a,
          grunt_ministairs_14
D:10:     nzn_winding_woodlands_medium [nzn_winding_woodlands_5x5_open_star,
          nzn_winding_woodlands_5x15_jagged, nzn_winding_woodlands_hourglass,
          nzn_winding_woodlands_5x5_closed_star,
          nzn_winding_woodlands_center_lodge, nzn_winding_woodlands_5x5_cross,
          nzn_winding_woodlands_5x5_checkerboard,
          nzn_winding_woodlands_5x15_river_crossing,
          nzn_winding_woodlands_5x5_three], layout_cave_pods,
          lemuel_coloured_pillars_altar, serial_shops, shop,
          statue_in_the_mist_lemuel, hangedman_abyss_or_decor_passed
D:11:     layout_cave_pools, dpeg_oklobed_lair, david_orc_5,
          gauntlet_entry_generic, minmay_statue_crystal_thing
D:12:     layout_basic, enter_bailey_2, einodemon_barbed_minivault
D:13:     layout_irregular_city, skrybe_vaults_entry_preservation
D:14:     layout_basic, minmay_staircase_statues_hall_large,
          minmay_misc_feat_cross
D:15:     hangedman_depths_entry_civil_slaughter, layout_gridville,
          portal_ice_cave_entry_imps, grunt_decor_arrowhead,
          nicolae_wu_jian_immortal_techniques
Lair:1:   layout_cave_pods
Lair:2:   layout_cave_pods, nzn_ghost_randoct, minivault_11,
          bobbens_dragon_lair_wall
Lair:3:   layout_regular_city, minmay_shoals_entry_centaurs,
          beast_lair_carwin_2, grunt_megastairs_5
Lair:4:   layout_gridlike, minmay_snake_entry_six_corridors
Lair:5:   layout_layer_cave, chequers_serial_rivers_marsh, uniq_sonja
Lair:6:   cheibrodos_lair_end_hotspot, layout_regular_city,
          minmay_slime_entry_pillars, minivault_23, amcnicky_mini_pool_medium
Shoals:1: layout_shoals, nicolae_shoals_water_booths
Shoals:2: layout_shoals, regret_index_shoals_crete, uniq_polyphemus
Shoals:3: cheibrodos_shoals_gigantism, layout_shoals, serial_shops, shop
Shoals:4: shoals_end_hangedman, layout_shoals,
          nicolae_shoals_lost_giant_pillars, nicolae_shoals_sun_and_surf,
          uniq_mara
Snake:1:  layout_grid_shapes, nicolae_snake_gridmaze_entwining,
          nicolae_snake_salamander_stairs
Snake:2:  layout_misc_corridors, serial_bayou_shore_b
Snake:3:  layout_grid_shapes, library_closet, hangedman_snake_corridor_split,
          minmay_shoptagon, uniq_saint_roka
Snake:4:  grunt_snake_rune_pools, layout_basic, nicolae_snake_gridmaze_swirls
Slime:1:  layout_caves
Slime:2:  cheibrodos_slime_lost_civilization_9, layout_caves
Slime:3:  layout_caves, cheibrodos_slime_lost_civilization_4
Slime:4:  layout_caves
Slime:5
Orc:1:    layout_diamond_mine
Orc:2:    kennysheep_orc_mage_school, layout_caves, basic_altar
Elf:1:    layout_loops_corners, special_room [special_room_mythical_zoo],
          minmay_elf_demonology, amcnicky_mini_pool_small, evilmike_ambush
          [evilmike_ambush_outer_basic, evilmike_ambush_inner_pond], uniq_kirke,
          uniq_donald, uniq_jorgrun
Elf:2:    layout_gridlike, ebering_ghost_xom, basic_altar,
          portal_desolation_entry_nicolae_slug, mu_enter_wizlab_3
Elf:3:    minmay_elf_hall_hex, layout_loops_ring, basic_altar,
          minmay_misc_feat_alley, grunt_ministairs_3
Vaults:1: nicolae_vaults_little_squares_5, v_misc_14,
          grunt_vaults_hallway_short, hangedman_vaults_corner_blocks,
          v_pattern_1, ontoclasm_vaults_claustrophobia,
          vaults_standard_mumra_enter_the_diamond, nicolae_vaults_octagons,
          hangedman_vaults_locks, v_alt_pattern_2, v_misc_9,
          nicolae_vaults_gold_heap, layout_vaults_ring, serial_shops, shop
Vaults:2: hangedman_vaults_corner_blocks, hangedman_vaults_corner,
          grunt_vaults_funnel, ontoclasm_vaults_twist, hangedman_vaults_slice,
          vaults_standard_mumra_enter_the_diamond, hangedman_vaults_snaps,
          v_alt_pattern_5, ontoclasm_vaults_gateway, layout_vaults_big_room,
          serial_shops, shop, shop_statue, shop, nicolae_shop_overgrown_old_shop
Vaults:3: vaults_standard_mumra_x, hangedman_vaults_unwind, vaults_room_fours,
          nicolae_vaults_circle_grid_a, minmay_crypt_entry_skeletal_spiral,
          nicolae_vaults_three_branches, vaults_mumra_chevron,
          nicolae_vaults_network_barrier, ontoclasm_vaults_misaligned,
          v_misc_16, nicolae_vaults_asterisk, v_misc_5, vaults_dpeg_hooks,
          vaults_mumra_lcd, ontoclasm_vaults_pinch, nicolae_vaults_minivaults,
          layout_vaults_omnibox, uniq_frederick, uniq_sojobo
Vaults:4: nicolae_vaults_asterisk, nicolae_vaults_yaktaur_gun_rack,
          ontoclasm_vaults_bender, ontoclasm_vaults_ring_square,
          ontoclasm_vaults_ring_small, nicolae_vaults_network_quinsquares
          [nicolae_vaults_network_quincunx_subvault,
          nicolae_vaults_network_quincunx_subvault,
          nicolae_vaults_network_quincunx_subvault,
          nicolae_vaults_network_quincunx_subvault], v_misc_29,
          vaults_dpeg_cross, st_diamondy, nicolae_vaults_little_ls,
          nicolae_vaults_rhombus_7, v_pattern_2, ontoclasm_vaults_eye,
          hangedman_vaults_stream, ontoclasm_vaults_ligature,
          layout_vaults_maze_bifur, serial_shops, shop, uniq_boris
Vaults:5: serial_shops
Crypt:1:  layout_misc_corridors
Crypt:2:  layout_chaotic_city, palyth_stone_intersect, grunt_megastairs_3,
          lemuel_upstairs_altar, uniq_bai_suzhen
Crypt:3:  lightli_unholy_cathedral, layout_chaotic_city,
          nicolae_tomb_entry_rubble_hallway
Tomb:1
Tomb:2
Tomb:3
Depths:1: layout_gridlike, serial_rivers, chequers_serial_rivers_marsh,
          chequers_serial_rivers_marsh, chequers_serial_rivers_micro_a,
          chequers_serial_rivers_small_a, hell_entry, lightli_giant_bouncers
Depths:2: minmay_mutant_horseshoe, layout_gridlike, enter_ziggurat_c, pan_entry,
          minmay_room_of_horrors, hell_entry, vehumet_crystals
Depths:3: hangedman_six_sided_sadism, layout_gridlike, abyss_entry,
          kennysheep_big_empty_room, grunt_hell_entry_dis_grunt,
          rand_demon_pan_entry_5, uniq_nikola
Depths:4: minmay_outward_triangles, layout_twisted_cross,
          abyss_entry_flame_altar, grunt_mini_vestibule,
          kiku_gazebo_garden_becter, infiniplex_staircase_zigzag_5
Depths:5: evilmike_zot_entry_diamond, layout_cross, rand_demon_pan_entry_4,
          hell_entry, kennysheep_okawaru_gauntlet, grunt_megastairs_2,
          infiniplex_staircase_pool_lava, serial_bayou_shore_b,
          minmay_shop_grove, uniq_margery
Hell
Pan:      rand_demon_8, layout_onion_city, nicolae_pan_cerebovesque_2,
          nicolae_pan_double_arrow, layout_grid_shapes, rand_demon_5,
          layout_irregular_city, pan_blood_fountain_small,
          nicolae_pan_gloorx_vloqian_3, lemuel_hall_of_pain, layout_basic,
          pan_blood_fountain_2, grunt_pan_frozen_over, layout_gridlike,
          nicolae_pan_mnolegish_3, evilmike_mini_pan_V, layout_pan_divisions_a
          [pan_division_quadrant_a3, pan_division_quadrant_a6,
          pan_division_quadrant_a6, pan_division_quadrant_a1,
          pan_division_octagon_box], pan_blood_fountain_2,
          evilmike_cerebov_lava, layout_gridlike

Skill      XL: |  1  2  3  4  5  6  7  8  9 10 11 12 13 14 15 16 17 18 19 20 21 22 23 24 25 26 27 |
---------------+----------------------------------------------------------------------------------+-----
Spellcasting   | 3 4 5 7 8 9 10 11 12 13 14 15 16 17 18 19 20 27 | 27.0
Fighting       | 1 2 3 4 5 6 7 8 9 10 11 12 13 14 22 | 22.9
Stealth        | 2 3 6 8 |  8.0
Shields        | 1 2 3 4 5 6 7 8 9 10 11 12 13 14 22 | 22.8
Dodging        | 3 4 5 6 7 8 9 10 11 12 13 14 15 23 | 23.3
Invocations    | 1 2 3 4 5 6 7 8 9 10 11 12 13 14 21 | 21.3
Evocations     | 2 4 5 6 8 10 11 12 13 14 15 | 15.1
Armour         | 3 4 8 |  8.5
Throwing       | 4 5 11 | 11.1
Unarmed Combat | 3 5 6 7 8 9 10 11 12 | 12.0
Short Blades   | 2 4 5 6 7 8 10 | 10.0

Action                   |  1- 3 |  4- 6 |  7- 9 | 10-12 | 13-15 | 16-18 | 19-21 | 22-24 | 25-27 || total
-------------------------+-------+-------+-------+-------+-------+-------+-------+-------+-------++-------
Melee: Dagger            |     4 |     3 |     9 |       |     6 |       |       |       |       ||    22
       Short sword       |       |       |     8 |       |     3 |       |     4 |     1 |   286 ||   302
       Staff             |       |       |       |       |       |       |     2 |       |     3 ||     5
       Unarmed           |       |       |       |       |       |       |       |       |    55 ||    55
Throw: Dart              |       |     1 |       |     1 |     1 |     2 |       |       |     1 ||     6
       Throwing net      |       |       |       |       |       |       |       |       |    10 ||    10
       Javelin           |       |       |       |       |       |       |       |       |     1 ||     1
 Cast: Shock             |    74 |   113 |   140 |    22 |    10 |     1 |       |       |       ||   360
       Static Discharge  |       |     3 |    20 |    36 |    20 |       |     1 |       |       ||    80
       Airstrike         |       |       |    24 |   151 |   228 |    68 |   130 |    66 |   126 ||   793
       Lightning Bolt    |       |       |       |    65 |   174 |    64 |   425 |   367 |   423 ||  1518
       Irradiate         |       |       |       |     6 |    19 |     3 |    25 |     9 |    72 ||   134
       Conjure Ball Ligh |       |       |       |       |    18 |    47 |    38 |     4 |    17 ||   124
       Lee's Rapid Decon |       |       |       |       |    10 |     3 |    86 |   158 |   555 ||   812
       Eringya's Noxious |       |       |       |       |       |     1 |     1 |       |       ||     2
       Statue Form       |       |       |       |       |       |       |     1 |     1 |    53 ||    55
       Ozocubu's Armour  |       |       |       |       |       |       |     2 |       |     1 ||     3
       Corpse Rot        |       |       |       |       |       |       |     1 |       |     3 ||     4
       Ignition          |       |       |       |       |       |       |       |    37 |   352 ||   389
       Monstrous Menager |       |       |       |       |       |       |       |     2 |    13 ||    15
       Polar Vortex      |       |       |       |       |       |       |       |       |    85 ||    85
       Discord           |       |       |       |       |       |       |       |       |    15 ||    15
 Abil: Evoke Blink       |       |       |       |       |       |       |       |       |     1 ||     1
Evoke: Wand              |       |       |     2 |     1 |     7 |     1 |    56 |     3 |    17 ||    87
       Condenser vane    |       |       |       |       |       |       |     3 |       |     2 ||     5
  Use: Scroll            |       |     4 |    10 |     5 |    13 |     3 |    10 |     2 |    11 ||    58
       Potion            |       |       |       |     1 |     1 |     2 |     4 |       |    30 ||    38
 Stab: Sleeping          |     2 |     3 |       |       |     1 |       |     1 |       |     2 ||     9
       Petrified         |       |       |       |       |       |       |     3 |       |       ||     3
       Paralysed         |       |       |       |       |       |       |       |     1 |       ||     1
       Held in net/web   |       |       |       |       |       |       |       |       |     7 ||     7
       Distracted        |       |       |       |       |       |       |       |       |     1 ||     1
Armor: Robe              |     4 |     1 |    11 |    33 |     4 |     4 |     8 |     3 |    17 ||    85
       Skin              |       |       |       |       |       |       |     3 |       |   197 ||   200
Dodge: Dodged            |     6 |     7 |    27 |    59 |    52 |    12 |   123 |    46 |   572 ||   904
Block: Kite shield       |       |       |       |       |    44 |    21 |   109 |    46 |   891 ||  1111
       Reflection        |       |       |       |       |       |       |    36 |    24 |    48 ||   108

Table legend: (Time is in decaauts)
 A = Elapsed time spent in this place.
 B = Non-inter-level travel time spent in this place.
 C = Inter-level travel time spent in this place.
 D = Time resting spent in this place.
 E = Time spent auto-exploring this place.
 F = Levels seen in this place.
 G = Mean time per level.
                   A        B        C        D        E       F      G
               +--------+--------+--------+--------+--------+-----+--------+
         Total |  82229 |  77207 |   5022 |  12004 |  46383 |  89 |  923.9 |
       Dungeon |  23809 |  22266 |   1543 |   2908 |  15891 |  15 | 1587.3 |
          Lair |   9983 |   9029 |    954 |   1062 |   6985 |   6 | 1663.8 |
        Shoals |   5473 |   5210 |    263 |   1662 |   2223 |   4 | 1368.2 |
     Snake Pit |   7186 |   6801 |    385 |   2554 |   2941 |   4 | 1796.5 |
    Slime Pits |    827 |    827 |      0 |    306 |      0 |   5 |  165.4 |
  Orcish Mines |   3223 |   3031 |    192 |    964 |   1671 |   2 | 1611.5 |
   Elven Halls |   3822 |   3699 |    123 |    254 |   2578 |   3 | 1274.0 |
        Vaults |  10748 |  10003 |    745 |    307 |   7953 |   5 | 2149.6 |
         Crypt |   1263 |   1161 |    102 |      0 |     75 |   3 |  421.0 |
          Tomb |   3588 |   3247 |    341 |    501 |    350 |   3 | 1196.0 |
        Depths |   4742 |   4375 |    367 |     37 |   3430 |   5 |  948.4 |
          Hell |    344 |    340 |      4 |      0 |    172 |   1 |  344.0 |
   Pandemonium |   1332 |   1332 |      0 |    294 |      0 |   7 |  190.3 |
      Ziggurat |   1579 |   1579 |      0 |    402 |     42 |  20 |   78.9 |
       Ossuary |    421 |    421 |      0 |      0 |    336 |   1 |  421.0 |
        Bailey |    556 |    556 |      0 |    325 |    139 |   1 |  556.0 |
      Ice Cave |    817 |    817 |      0 |    406 |     67 |   1 |  817.0 |
        Wizlab |   1358 |   1358 |      0 |      0 |   1042 |   1 | 1358.0 |
    Desolation |    439 |    439 |      0 |      0 |      0 |   1 |  439.0 |
      Gauntlet |    712 |    712 |      0 |     20 |    486 |   1 |  712.0 |
               +--------+--------+--------+--------+--------+-----+--------+

Top non-repeatable levels by time:
     D:9: 3744 daAuts
  Lair:2: 2704 daAuts
Vaults:3: 2599 daAuts
Vaults:5: 2338 daAuts
 Snake:4: 2173 daAuts
Vaults:1: 2140 daAuts
  Tomb:1: 2131 daAuts
Vaults:4: 2130 daAuts
   Orc:2: 1997 daAuts
 Snake:3: 1994 daAuts
    D:10: 1983 daAuts
     D:7: 1926 daAuts
   Elf:3: 1854 daAuts
     D:4: 1846 daAuts
 Snake:1: 1801 daAuts
